Bruins vs Senateurs
Created - November 19, 2025 at 20:06
Goals
|
| Bruins |
2 |
2 |
1 |
5 |
| Senateurs |
0 |
1 |
3 |
4 |
|
Shots
|
| Bruins |
5 |
16 |
8 |
29 |
| Senateurs |
8 |
8 |
20 |
36 |
|
1st period
1. Bruins , Alexander Wennberg 5 (Gabriel Landeskog 6) at 3:59
2. Bruins , Gabriel Landeskog 4 (Zack Kassian 4, Alexander Wennberg 7) at 15:01
Penalties :
Jordan Martinook (Ott) for Hooking (Minor) at 10:17
2nd period
3. Bruins , Zack Kassian 5 (Gabriel Landeskog 7, Alexander Wennberg 8) at 8:56
4. Bruins , Casey Cizikas 3 (Josh Manson 2) at 10:56
5. Senateurs , Christoph Bertschy 1 (Jake Gardiner 2, Mark McNeill 1) at 14:17
Penalties :
John Quenneville (Bos) for Interference (Minor) at 2:52, Madison Bowey (Bos) for Roughing (Minor) at 18:34
3rd period
6. Senateurs , Riley Sheahan 2 (Radek Faksa 1, Brendan Smith 1) at 2:44
7. Senateurs , Riley Sheahan 3 (Radek Faksa 2) at 6:19
8. Senateurs , Alex Iafallo 1 (Chris Bigras 3) at 7:53
9. Bruins , Zack Kassian 6 (Gabriel Landeskog 8, Jason Demers 3) at 14:48 (PP)
Penalties :
Adam Pelech (Bos) for High sticking (Minor) at 3:28, Jared Cowen (Ott) for Tripping (Minor) at 9:26, Eric Gelinas (Ott) for Interference (Minor) at 14:41
Goalie Stats
Tuukka Rask (Bos), 32 saves from 36 shots - (0.889), W, 2-0-0, 60:00 minutes
Martin Jones (Ott), 10 saves from 11 shots - (0.909), L, 1-1-0, 28:02 minutes
Mikko Koskinen (Ott), 14 saves from 18 shots - (0.778), 30:56 minutes
Players Stats for Bruins
Player Name G A P +/- PIM S H SB GA TA FO MP PP MP PK MP
------------------------------------------------------------------------------------
Adam Pelech 0 0 0 -1 2 1 0 0 0 1 0/0 13:00 0:00 1:03
Alexander Wennberg 1 2 3 3 0 5 0 0 0 1 14/28 23:03 2:20 3:28
Andreas Athanasiou 0 0 0 0 0 1 1 0 1 0 0/0 11:29 0:08 0:00
Beau Bennett 0 0 0 -3 0 2 2 0 0 0 0/0 8:35 0:00 0:00
Brett Pesce 0 0 0 -1 0 2 0 0 0 0 0/0 10:48 0:00 0:00
Casey Cizikas 1 0 1 0 0 2 1 0 0 1 3/7 12:06 0:08 0:37
David Backes 0 0 0 0 0 5 0 0 1 0 0/1 13:39 1:37 0:00
Derick Brassard 0 0 0 0 0 0 0 1 0 0 0/0 12:20 0:00 0:59
Eric Wellwood 0 0 0 -3 0 0 0 1 1 1 0/0 8:35 0:00 0:00
Gabriel Landeskog 1 3 4 3 0 4 2 1 0 0 2/2 23:18 2:28 3:35
Jason Demers 0 1 1 0 0 1 3 2 0 2 0/0 28:44 2:08 3:52
John Quenneville 0 0 0 -3 2 0 3 0 0 1 1/2 8:38 0:00 0:00
Jonathan Toews 0 0 0 0 0 1 2 0 0 0 5/8 16:16 1:37 1:52
Josh Manson 0 1 1 1 0 0 1 0 0 2 0/0 21:28 1:57 3:05
Madison Bowey 0 0 0 0 2 1 1 1 0 2 0/0 26:11 2:08 1:49
Torey Krug 0 0 0 1 0 0 2 0 0 0 0/0 20:28 1:57 2:05
Wojtek Wolski 0 0 0 0 0 0 1 1 2 0 1/2 15:47 1:37 1:23
Zack Kassian 2 1 3 3 0 4 2 0 1 0 1/3 19:35 2:20 0:00
Players Stats for Senateurs
Player Name G A P +/- PIM S H SB GA TA FO MP PP MP PK MP
------------------------------------------------------------------------------------
Alex Iafallo 1 0 1 -2 0 6 2 0 2 1 0/1 23:22 3:19 2:12
Anton Lindholm 0 0 0 -2 0 1 0 0 0 2 0/0 19:15 2:18 2:07
Brendan Perlini 0 0 0 1 0 0 0 1 0 0 0/0 8:14 0:00 1:22
Brendan Smith 0 1 1 3 0 0 0 1 0 0 0/0 13:28 0:00 0:44
Chris Bigras 0 1 1 3 0 0 0 1 0 1 0/0 13:19 0:00 0:00
Christoph Bertschy 1 0 1 1 0 2 0 0 0 0 0/2 7:18 0:00 0:31
Eric Gelinas 0 0 0 -2 2 1 0 1 1 1 0/0 16:47 2:18 1:19
Jake Gardiner 0 1 1 -1 0 0 1 2 3 0 0/0 29:14 3:39 2:39
Jared Cowen 0 0 0 -1 2 1 1 2 0 0 0/0 28:00 3:39 1:21
Jesse Puljujarvi 0 0 0 -2 0 3 1 0 1 0 1/2 21:10 3:19 0:00
Jordan Martinook 0 0 0 -1 2 2 1 0 1 0 0/0 15:39 2:38 0:33
Mark McNeill 0 1 1 1 0 0 0 0 1 0 0/0 6:47 0:00 0:00
Nick Bjugstad 0 0 0 -2 0 2 2 2 1 1 16/31 23:29 3:19 2:14
Quinton Howden 0 0 0 -1 0 3 2 0 0 0 6/11 16:08 2:38 1:01
Radek Faksa 0 2 2 2 0 6 1 0 0 0 2/4 12:46 0:00 0:00
Richard Panik 0 0 0 -1 0 2 0 1 0 0 1/1 15:04 2:38 0:00
Riley Sheahan 2 0 2 2 0 4 0 1 0 0 0/0 12:46 0:00 0:00
Zachary Sanford 0 0 0 2 0 3 0 0 1 0 0/1 13:06 0:00 0:17
3 Stars
1 - Gabriel Landeskog (Bos)
2 - Zack Kassian (Bos)
3 - Alexander Wennberg (Bos)
Power Play
Bruins - 1 on 3 Attempt(s) - 33.33%
Senateurs - 0 on 3 Attempt(s) - 0.00%
Penalty Kill
Bruins - 3 on 3 Attempt(s) - 100.00%
- Score 0 goal in Penalty Kill
Senateurs - 2 on 3 Attempt(s) - 66.67%
- Score 0 goal in Penalty Kill
Team Stat
Bruins - Hits : 21 - Faceoff Wins : 27 - Blocked Shots : 7 - Penalty Minutes : 6
Senateurs - Hits : 11 - Faceoff Wins : 26 - Blocked Shots : 12 - Penalty Minutes : 6
Official
Referees : Eric Furlatt and Michael Markovic
Linesman : Devin Berg and Kory Nagy
Game Notes
Martin Jones enters game at 10:56 of 2nd period
Eric Gelinas is injured at 16:42 of 3rd period (Back Spasms)
Finance
Level 1 -- Attendance: 5746 (95.77%) -- Ticket Income $574,600
Level 2 -- Attendance: 5000 (100.00%) -- Ticket Income $350,000
Level 3 -- Attendance: 2000 (100.00%) -- Ticket Income $80,000
Level 4 -- Attendance: 3930 (98.25%) -- Ticket Income $117,900
Luxury Box -- Attendance: 1000 (100.00%) -- Ticket Income $200,000
Game was played at the Centre Canadian Tire.
Total Attendance: 17676 (98.20%)
Total Ticket Income: $1,322,500
Other Income: $198,375
Total Income: $1,520,875
Bruins
5 vs 5 Forward
Center Left Wing Right Wing Time % Phy DF OF
1 Alexander Wennberg Gabriel Landeskog Zack Kassian 40 1 2 2
2 Jonathan Toews Wojtek Wolski David Backes 30 1 2 2
3 Casey Cizikas Derick Brassard Andreas Athanasiou 20 1 1 3
4 John Quenneville Eric Wellwood Beau Bennett 10 1 2 2
5 vs 5 Defense
Defense Defense Time % Phy DF OF
1 Jason Demers Madison Bowey 40 2 2 1
2 Torey Krug Josh Manson 30 2 2 1
3 Adam Pelech Brett Pesce 20 2 2 1
4 Jason Demers Madison Bowey 10 2 2 1
PowerPlay Forward
Center Left Wing Right Wing Time % Phy DF OF
1 Alexander Wennberg Gabriel Landeskog Zack Kassian 60 0 2 3
2 Jonathan Toews Wojtek Wolski David Backes 40 0 2 3
PowerPlay Defense
Defense Defense Time % Phy DF OF
1 Jason Demers Madison Bowey 60 0 2 3
2 Torey Krug Josh Manson 40 1 2 2
Penalty Kill 4 Players Forward
Center Wing Time % Phy DF OF
1 Alexander Wennberg Gabriel Landeskog 60 0 3 2
2 Jonathan Toews Wojtek Wolski 40 0 3 2
Penalty Kill 4 Players Defense
Defense Defense Time % Phy DF OF
1 Jason Demers Madison Bowey 60 1 2 2
2 Torey Krug Josh Manson 40 1 2 2
Penalty Kill - 3 Players Forward
Forward Time % Phy DF OF
1 Alexander Wennberg 60 0 3 2
2 Jonathan Toews 40 0 3 2
Penalty Kill - 3 Players Defense
Defense Defense Time % Phy DF OF
1 Jason Demers Madison Bowey 60 0 4 1
2 Torey Krug Josh Manson 40 0 4 1
4 vs 4 Forward
Center Wing Time % Phy DF OF
1 Alexander Wennberg Gabriel Landeskog 60 1 2 2
2 Jonathan Toews Wojtek Wolski 40 1 2 2
4 vs 4 Defense
Defense Defense Time % Phy DF OF
1 Jason Demers Madison Bowey 60 1 2 2
2 Torey Krug Josh Manson 40 1 2 2
Last Minutes Offensive
Center Left Wing Right Wing Defense Defense
Alexander Wennberg Gabriel Landeskog Zack Kassian Jason Demers Madison Bowey
Last Minutes Defensive
Center Left Wing Right Wing Defense Defense
Alexander Wennberg Gabriel Landeskog Zack Kassian Jason Demers Madison Bowey
Goaltenders
Starting : Tuukka Rask
Backup : Kevin Poulin
Extra Forwards
Normal : Jonathan Toews, David Backes, Derick Brassard - PP : Jonathan Toews, David Backes - PK : Jonathan Toews
Extra Defensemen
Normal : Josh Manson, Adam Pelech, Brett Pesce - PP : Josh Manson - PK : Josh Manson, Adam Pelech
Penalty Shots
Gabriel Landeskog, Zack Kassian, Wojtek Wolski, Alexander Wennberg, Jonathan Toews
Custom OT Lines Forwards
Gabriel Landeskog, Zack Kassian, Wojtek Wolski, Alexander Wennberg, Jonathan Toews, David Backes, Derick Brassard, Casey Cizikas, Andreas Athanasiou, Beau Bennett
Custom OT Lines Defensemen
Jason Demers, Madison Bowey, Torey Krug, Josh Manson, Adam Pelech
Scratches
Noah Juulsen (Healthy)
Senateurs
5 vs 5 Forward
Center Left Wing Right Wing Time % Phy DF OF
1 Nick Bjugstad Alex Iafallo Jesse Puljujarvi 40 0 2 3
2 Quinton Howden Jordan Martinook Richard Panik 30 1 2 2
3 Radek Faksa Zachary Sanford Riley Sheahan 20 0 2 3
4 Christoph Bertschy Brendan Perlini Mark McNeill 10 1 2 2
5 vs 5 Defense
Defense Defense Time % Phy DF OF
1 Jake Gardiner Jared Cowen 40 1 2 2
2 Eric Gelinas Anton Lindholm 30 1 2 2
3 Brendan Smith Chris Bigras 20 0 2 3
4 Jake Gardiner Jared Cowen 10 1 2 2
PowerPlay Forward
Center Left Wing Right Wing Time % Phy DF OF
1 Nick Bjugstad Alex Iafallo Jesse Puljujarvi 60 1 1 3
2 Quinton Howden Jordan Martinook Richard Panik 40 1 1 3
PowerPlay Defense
Defense Defense Time % Phy DF OF
1 Jake Gardiner Jared Cowen 60 1 1 3
2 Eric Gelinas Anton Lindholm 40 1 1 3
Penalty Kill 4 Players Forward
Center Wing Time % Phy DF OF
1 Nick Bjugstad Alex Iafallo 60 1 3 1
2 Quinton Howden Jordan Martinook 40 1 3 1
Penalty Kill 4 Players Defense
Defense Defense Time % Phy DF OF
1 Jake Gardiner Jared Cowen 60 1 3 1
2 Eric Gelinas Anton Lindholm 40 1 3 1
Penalty Kill - 3 Players Forward
Forward Time % Phy DF OF
1 Nick Bjugstad 60 1 3 1
2 Quinton Howden 40 1 3 1
Penalty Kill - 3 Players Defense
Defense Defense Time % Phy DF OF
1 Jake Gardiner Jared Cowen 60 1 3 1
2 Eric Gelinas Anton Lindholm 40 1 3 1
4 vs 4 Forward
Center Wing Time % Phy DF OF
1 Nick Bjugstad Alex Iafallo 60 1 2 2
2 Quinton Howden Jordan Martinook 40 1 2 2
4 vs 4 Defense
Defense Defense Time % Phy DF OF
1 Jake Gardiner Jared Cowen 60 1 2 2
2 Eric Gelinas Anton Lindholm 40 1 2 2
Last Minutes Offensive
Center Left Wing Right Wing Defense Defense
Nick Bjugstad Alex Iafallo Jesse Puljujarvi Jake Gardiner Jared Cowen
Last Minutes Defensive
Center Left Wing Right Wing Defense Defense
Nick Bjugstad Alex Iafallo Jesse Puljujarvi Jake Gardiner Jared Cowen
Goaltenders
Starting : Mikko Koskinen
Backup : Martin Jones
Extra Forwards
Normal : Brendan Perlini, Quinton Howden, Richard Panik - PP : Zachary Sanford, Quinton Howden - PK : Brendan Perlini
Extra Defensemen
Normal : Anton Lindholm, Brendan Smith, Chris Bigras - PP : Anton Lindholm - PK : Anton Lindholm, Brendan Smith
Penalty Shots
Nick Bjugstad, Alex Iafallo, Christoph Bertschy, Brendan Perlini, Zachary Sanford
Custom OT Lines Forwards
Nick Bjugstad, Alex Iafallo, Jordan Martinook, Jesse Puljujarvi, Zachary Sanford, Quinton Howden, Richard Panik, Riley Sheahan, Mark McNeill, Brendan Perlini
Custom OT Lines Defensemen
Jake Gardiner, Jared Cowen, Eric Gelinas, Anton Lindholm, Brendan Smith
Scratches
Dennis Everberg (Healthy), Jeremy Morin (Healthy), Artem Zub (Healthy)
% Time on Ice - Bruins
Lines # - Real PCT - Wanted PCT - Time Play
Normal Forward
1 - 33% - 40% - 16:05
2 - 26% - 30% - 12:47
3 - 23% - 20% - 11:21
4 - 18% - 10% - 8:35
Normal Defense
1 - 40% - 40% - 19:32
2 - 32% - 30% - 15:42
3 - 22% - 20% - 10:48
4 - 6% - 10% - 2:46
PP Forward
1 - 60% - 60% - 2:28
2 - 40% - 40% - 1:37
PP Defense
1 - 52% - 60% - 2:08
2 - 48% - 40% - 1:57
PK Forward
1 - 77% - 60% - 4:34
2 - 23% - 40% - 1:23
PK Defense
1 - 65% - 60% - 3:52
2 - 35% - 40% - 2:05
PK3 Forward
1 - 0% - 60%
2 - 0% - 40%
PK3 Defense
1 - 0% - 60%
2 - 0% - 40%
44 Forward
1 - 0% - 60%
2 - 0% - 40%
44 Defense
1 - 0% - 60%
2 - 0% - 40%
Last Minute Offensive - 0:00
Last Minute Defensive - 1:10
Total
Forward - 60:00
Defense - 60:00
|
% Time on Ice - Senateurs
Lines # - Real PCT - Wanted PCT - Time Play
Normal Forward
1 - 34% - 40% - 16:43
2 - 26% - 30% - 12:29
3 - 26% - 20% - 12:46
4 - 14% - 10% - 6:47
Normal Defense
1 - 42% - 40% - 20:33
2 - 28% - 30% - 13:32
3 - 25% - 20% - 12:12
4 - 5% - 10% - 2:28
PP Forward
1 - 56% - 60% - 3:19
2 - 44% - 40% - 2:38
PP Defense
1 - 61% - 60% - 3:39
2 - 39% - 40% - 2:18
PK Forward
1 - 75% - 60% - 3:04
2 - 25% - 40% - 1:01
PK Defense
1 - 68% - 60% - 2:46
2 - 32% - 40% - 1:19
PK3 Forward
1 - 0% - 60%
2 - 0% - 40%
PK3 Defense
1 - 0% - 60%
2 - 0% - 40%
44 Forward
1 - 0% - 60%
2 - 0% - 40%
44 Defense
1 - 0% - 60%
2 - 0% - 40%
Last Minute Offensive - 1:13
Last Minute Defensive - 0:00
Total
Forward - 60:00
Defense - 60:00
|
Play-by-Play
1st period
0:01 of 1st period - Alexander Wennberg wins face-off versus Nick Bjugstad in neutral zone.
2:02 of 1st period - Wrist shot by Richard Panik.
2:02 of 1st period - Shot Misses the Net.
2:04 of 1st period - Slapshot by Eric Gelinas.
2:04 of 1st period - Shot Blocked by Wojtek Wolski.
2:16 of 1st period - Zachary Sanford is hit by John Quenneville and loses puck.
3:15 of 1st period - Wrist shot by Quinton Howden.
3:15 of 1st period - Shot Misses the Net.
3:19 of 1st period - Snap shot by Quinton Howden.
3:19 of 1st period - Stopped by Tuukka Rask with a rebound.
3:54 of 1st period - Anton Lindholm is hit by Gabriel Landeskog and loses puck.
3:59 of 1st period - Snap shot by Alexander Wennberg.
3:59 of 1st period - Goal by Alexander Wennberg - Bruins : 1 - Senateurs : 0.
4:00 of 1st period - Nick Bjugstad wins face-off versus Alexander Wennberg in neutral zone.
4:09 of 1st period - Backhand shot by Nick Bjugstad.
4:09 of 1st period - Deflect By Alex Iafallo.
4:09 of 1st period - Shot Misses the Net.
4:09 of 1st period - Puck is out of play.
4:10 of 1st period - Alexander Wennberg wins face-off versus Nick Bjugstad in Bruins zone.
4:33 of 1st period - Slapshot by Nick Bjugstad.
4:33 of 1st period - Shot Misses the Net.
5:18 of 1st period - Snap shot by Alex Iafallo.
5:18 of 1st period - Shot Misses the Net.
5:58 of 1st period - Zack Kassian is hit by Alex Iafallo and loses puck.
6:09 of 1st period - Snap shot by Alex Iafallo.
6:09 of 1st period - Stopped by Tuukka Rask with a rebound.
6:11 of 1st period - Slapshot by Alex Iafallo.
6:11 of 1st period - Stopped by Tuukka Rask without a rebound.
6:12 of 1st period - Jonathan Toews wins face-off versus Quinton Howden in Bruins zone.
6:31 of 1st period - Richard Panik is hit by Torey Krug and loses puck.
6:51 of 1st period - Icing by Anton Lindholm.
6:52 of 1st period - Radek Faksa wins face-off versus Casey Cizikas in Senateurs zone.
8:04 of 1st period - Radek Faksa is hit by Casey Cizikas and loses puck.
8:25 of 1st period - Brett Pesce is hit by Quinton Howden.
9:38 of 1st period - Brendan Smith is hit by Zack Kassian.
9:50 of 1st period - Jared Cowen is hit by Beau Bennett and loses puck.
10:17 of 1st period - Minor Penalty to Jordan Martinook for Hooking.
10:18 of 1st period - Alexander Wennberg wins face-off versus Nick Bjugstad in Senateurs zone.
12:12 of 1st period - Jared Cowen is hit by Andreas Athanasiou and loses puck.
12:17 of 1st period - Penalty to Jordan Martinook is over, Jordan Martinook is back on ice.
12:53 of 1st period - Wrist shot by Derick Brassard.
12:53 of 1st period - Shot Blocked by Brendan Perlini.
13:23 of 1st period - Snap shot by Zachary Sanford.
13:23 of 1st period - Stopped by Tuukka Rask without a rebound.
13:24 of 1st period - Jonathan Toews wins face-off versus Zachary Sanford in Bruins zone.
13:57 of 1st period - Snap shot by Quinton Howden.
13:57 of 1st period - Stopped by Tuukka Rask without a rebound.
13:58 of 1st period - Nick Bjugstad wins face-off versus Jonathan Toews in Bruins zone.
14:11 of 1st period - Slapshot by David Backes.
14:11 of 1st period - Stopped by Mikko Koskinen without a rebound.
14:12 of 1st period - Richard Panik wins face-off versus Alexander Wennberg in Senateurs zone.
14:29 of 1st period - Wrist shot by Gabriel Landeskog.
14:29 of 1st period - Shot Blocked by Jake Gardiner.
14:39 of 1st period - Jared Cowen is hit by Jonathan Toews and loses puck.
14:51 of 1st period - Icing by Jesse Puljujarvi.
14:52 of 1st period - Alexander Wennberg wins face-off versus Nick Bjugstad in Senateurs zone.
15:01 of 1st period - Wrist shot by Gabriel Landeskog.
15:01 of 1st period - Goal by Gabriel Landeskog - Bruins : 2 - Senateurs : 0.
15:02 of 1st period - Alexander Wennberg wins face-off versus Nick Bjugstad in neutral zone.
15:09 of 1st period - Wrist shot by Zack Kassian.
15:09 of 1st period - Deflect By Gabriel Landeskog.
15:09 of 1st period - Shot Misses the Net.
15:09 of 1st period - Puck is out of play.
15:10 of 1st period - Nick Bjugstad wins face-off versus Alexander Wennberg in Senateurs zone.
15:51 of 1st period - Slapshot by Jesse Puljujarvi.
15:51 of 1st period - Stopped by Tuukka Rask with a rebound.
16:19 of 1st period - Backhand shot by Gabriel Landeskog.
16:19 of 1st period - Shot Blocked by Jared Cowen.
16:21 of 1st period - Wrist shot by Madison Bowey.
16:21 of 1st period - Stopped by Mikko Koskinen without a rebound.
16:22 of 1st period - Quinton Howden wins face-off versus Jonathan Toews in Senateurs zone.
16:35 of 1st period - Slapshot by David Backes.
16:35 of 1st period - Stopped by Mikko Koskinen with a rebound.
18:05 of 1st period - Snap shot by Quinton Howden.
18:05 of 1st period - Stopped by Tuukka Rask without a rebound.
18:06 of 1st period - Casey Cizikas wins face-off versus Radek Faksa in Bruins zone.
18:11 of 1st period - Wrist shot by Andreas Athanasiou.
18:11 of 1st period - Shot Blocked by Riley Sheahan.
18:32 of 1st period - Wojtek Wolski is hit by Jesse Puljujarvi and loses puck.
18:40 of 1st period - Snap shot by Jesse Puljujarvi.
18:40 of 1st period - Stopped by Tuukka Rask with a rebound.
18:42 of 1st period - Slapshot by Alex Iafallo.
18:42 of 1st period - Shot Blocked by Jason Demers.
19:16 of 1st period - Wrist shot by Quinton Howden.
19:16 of 1st period - Shot Blocked by Jason Demers.
19:39 of 1st period - Casey Cizikas is hit by Nick Bjugstad and loses puck.
Goals for this period are 2 for Bruins vs 0 for Senateurs.
Shots for this period are 5 for Bruins vs 8 for Senateurs.
2nd period
0:01 of 2nd period - Alexander Wennberg wins face-off versus Quinton Howden in neutral zone.
0:04 of 2nd period - Richard Panik is hit by Jason Demers.
0:54 of 2nd period - Wrist shot by Christoph Bertschy.
0:54 of 2nd period - Stopped by Tuukka Rask without a rebound.
0:55 of 2nd period - Alexander Wennberg wins face-off versus Christoph Bertschy in Bruins zone.
1:02 of 2nd period - Snap shot by Alexander Wennberg.
1:02 of 2nd period - Stopped by Mikko Koskinen with a rebound.
1:06 of 2nd period - Snap shot by Alexander Wennberg.
1:06 of 2nd period - Stopped by Mikko Koskinen with a rebound.
1:08 of 2nd period - Slapshot by Brett Pesce.
1:08 of 2nd period - Stopped by Mikko Koskinen without a rebound.
1:09 of 2nd period - Gabriel Landeskog wins face-off versus Nick Bjugstad in Senateurs zone.
1:12 of 2nd period - Snap shot by Zack Kassian.
1:12 of 2nd period - Shot Misses the Net.
1:16 of 2nd period - Snap shot by Zack Kassian.
1:16 of 2nd period - Stopped by Mikko Koskinen with a rebound.
1:22 of 2nd period - Slapshot by Zack Kassian.
1:22 of 2nd period - Shot Blocked by Nick Bjugstad.
1:36 of 2nd period - David Backes is hit by Quinton Howden and loses puck.
1:48 of 2nd period - Slapshot by Jared Cowen.
1:48 of 2nd period - Shot Misses the Net.
2:08 of 2nd period - Snap shot by Andreas Athanasiou.
2:08 of 2nd period - Shot Blocked by Jake Gardiner.
2:25 of 2nd period - Snap shot by Radek Faksa.
2:25 of 2nd period - Shot Blocked by Eric Wellwood.
2:27 of 2nd period - Wrist shot by Riley Sheahan.
2:27 of 2nd period - Shot Blocked by Madison Bowey.
2:29 of 2nd period - Slapshot by Anton Lindholm.
2:29 of 2nd period - Shot Misses the Net.
2:39 of 2nd period - Snap shot by Radek Faksa.
2:39 of 2nd period - Stopped by Tuukka Rask with a rebound.
2:45 of 2nd period - Eric Gelinas is hit by John Quenneville.
2:52 of 2nd period - Minor Penalty to John Quenneville for Interference.
2:53 of 2nd period - Gabriel Landeskog wins face-off versus Nick Bjugstad in Bruins zone.
3:09 of 2nd period - Wrist shot by Alex Iafallo.
3:09 of 2nd period - Shot Blocked by Gabriel Landeskog.
4:52 of 2nd period - Penalty to John Quenneville is over, John Quenneville is back on ice.
6:07 of 2nd period - Snap shot by Casey Cizikas.
6:07 of 2nd period - Stopped by Mikko Koskinen with a rebound.
6:34 of 2nd period - Slapshot by Gabriel Landeskog.
6:34 of 2nd period - Stopped by Mikko Koskinen with a rebound.
6:36 of 2nd period - Snap shot by Torey Krug.
6:36 of 2nd period - Deflect By Gabriel Landeskog.
6:36 of 2nd period - Stopped by Mikko Koskinen with a rebound.
6:38 of 2nd period - Slapshot by Zack Kassian.
6:38 of 2nd period - Stopped by Mikko Koskinen without a rebound.
6:39 of 2nd period - Casey Cizikas wins face-off versus Jesse Puljujarvi in Senateurs zone.
6:50 of 2nd period - Wrist shot by Alex Iafallo.
6:50 of 2nd period - Deflect By Nick Bjugstad.
6:50 of 2nd period - Shot Misses the Net.
6:50 of 2nd period - Puck is out of play.
6:51 of 2nd period - Quinton Howden wins face-off versus Alexander Wennberg in Bruins zone.
6:52 of 2nd period - Snap shot by Jordan Martinook.
6:52 of 2nd period - Stopped by Tuukka Rask with a rebound.
7:17 of 2nd period - Alexander Wennberg is hit by Alex Iafallo and loses puck.
7:38 of 2nd period - Wrist shot by Alexander Wennberg.
7:38 of 2nd period - Stopped by Mikko Koskinen without a rebound.
7:39 of 2nd period - Quinton Howden wins face-off versus Wojtek Wolski in Senateurs zone.
7:48 of 2nd period - Slapshot by Jordan Martinook.
7:48 of 2nd period - Shot Misses the Net.
7:50 of 2nd period - Slapshot by Anton Lindholm.
7:50 of 2nd period - Stopped by Tuukka Rask with a rebound.
7:52 of 2nd period - Wrist shot by Richard Panik.
7:52 of 2nd period - Stopped by Tuukka Rask with a rebound.
7:54 of 2nd period - Backhand shot by Anton Lindholm.
7:54 of 2nd period - Deflect By Richard Panik.
7:54 of 2nd period - Stopped by Tuukka Rask with a rebound.
8:24 of 2nd period - Icing by Riley Sheahan.
8:25 of 2nd period - John Quenneville wins face-off versus Nick Bjugstad in Senateurs zone.
8:32 of 2nd period - Snap shot by Beau Bennett.
8:32 of 2nd period - Stopped by Mikko Koskinen with a rebound.
8:40 of 2nd period - Wrist shot by Beau Bennett.
8:40 of 2nd period - Deflect By Eric Wellwood.
8:40 of 2nd period - Shot Blocked by Chris Bigras.
8:40 of 2nd period - Puck is out of play.
8:41 of 2nd period - Quinton Howden wins face-off versus Alexander Wennberg in Senateurs zone.
8:56 of 2nd period - Wrist shot by Zack Kassian.
8:56 of 2nd period - Goal by Zack Kassian - Bruins : 3 - Senateurs : 0.
8:57 of 2nd period - Zack Kassian wins face-off versus Nick Bjugstad in neutral zone.
9:46 of 2nd period - Zachary Sanford is hit by Jason Demers and loses puck.
9:51 of 2nd period - Wrist shot by Andreas Athanasiou.
9:51 of 2nd period - Stopped by Mikko Koskinen with a rebound.
10:52 of 2nd period - Slapshot by Casey Cizikas.
10:52 of 2nd period - Shot Misses the Net.
10:56 of 2nd period - Slapshot by Casey Cizikas.
10:56 of 2nd period - Goal by Casey Cizikas - Bruins : 4 - Senateurs : 0.
10:56 of 2nd period - Martin Jones enters game.
10:57 of 2nd period - Nick Bjugstad wins face-off versus Alexander Wennberg in neutral zone.
11:28 of 2nd period - Brendan Smith is hit by Wojtek Wolski and loses puck.
12:24 of 2nd period - Icing by Eric Wellwood.
12:25 of 2nd period - Nick Bjugstad wins face-off versus Alexander Wennberg in Bruins zone.
12:40 of 2nd period - Snap shot by Alexander Wennberg.
12:40 of 2nd period - Shot Blocked by Nick Bjugstad.
13:40 of 2nd period - Jake Gardiner is hit by Gabriel Landeskog.
13:41 of 2nd period - Icing by Jake Gardiner.
13:42 of 2nd period - Jonathan Toews wins face-off versus Christoph Bertschy in Senateurs zone.
14:17 of 2nd period - Slapshot by Jake Gardiner.
14:17 of 2nd period - Deflect By Christoph Bertschy.
14:17 of 2nd period - Goal by Christoph Bertschy - Bruins : 4 - Senateurs : 1.
14:18 of 2nd period - Jonathan Toews wins face-off versus Nick Bjugstad in neutral zone.
14:21 of 2nd period - Wrist shot by Jonathan Toews.
14:21 of 2nd period - Stopped by Martin Jones without a rebound.
14:22 of 2nd period - Jonathan Toews wins face-off versus Alex Iafallo in Senateurs zone.
14:39 of 2nd period - Jesse Puljujarvi is hit by Josh Manson and loses puck.
15:00 of 2nd period - Snap shot by Nick Bjugstad.
15:00 of 2nd period - Shot Blocked by Derick Brassard.
15:02 of 2nd period - Slapshot by Anton Lindholm.
15:02 of 2nd period - Shot Misses the Net.
15:30 of 2nd period - Snap shot by Alex Iafallo.
15:30 of 2nd period - Stopped by Tuukka Rask without a rebound.
15:31 of 2nd period - Alexander Wennberg wins face-off versus Quinton Howden in Bruins zone.
16:04 of 2nd period - Snap shot by David Backes.
16:04 of 2nd period - Stopped by Martin Jones without a rebound.
16:05 of 2nd period - Wojtek Wolski wins face-off versus Radek Faksa in Senateurs zone.
16:14 of 2nd period - Snap shot by David Backes.
16:14 of 2nd period - Stopped by Martin Jones without a rebound.
16:15 of 2nd period - Quinton Howden wins face-off versus David Backes in Senateurs zone.
16:25 of 2nd period - Icing by Richard Panik.
16:26 of 2nd period - Alexander Wennberg wins face-off versus Quinton Howden in Senateurs zone.
17:31 of 2nd period - Zachary Sanford is hit by Beau Bennett and loses puck.
17:54 of 2nd period - Brendan Smith is hit by Torey Krug and loses puck.
18:06 of 2nd period - Off-side.
18:07 of 2nd period - Nick Bjugstad wins face-off versus Jonathan Toews in neutral zone.
18:34 of 2nd period - Minor Penalty to Madison Bowey for Roughing.
18:35 of 2nd period - Alexander Wennberg wins face-off versus Nick Bjugstad in Bruins zone.
18:52 of 2nd period - Snap shot by Jesse Puljujarvi.
18:52 of 2nd period - Shot Misses the Net.
Goals for this period are 2 for Bruins vs 1 for Senateurs.
Shots for this period are 16 for Bruins vs 8 for Senateurs.
3rd period
0:01 of 3rd period - Nick Bjugstad wins face-off versus Alexander Wennberg in neutral zone.
0:34 of 3rd period - Penalty to Madison Bowey is over, Madison Bowey is back on ice.
0:36 of 3rd period - Madison Bowey is hit by Jared Cowen and loses puck.
0:47 of 3rd period - Jonathan Toews is hit by Radek Faksa and loses puck.
0:54 of 3rd period - Snap shot by Riley Sheahan.
0:54 of 3rd period - Deflect By Radek Faksa.
0:54 of 3rd period - Stopped by Tuukka Rask with a rebound.
0:56 of 3rd period - Slapshot by Jared Cowen.
0:56 of 3rd period - Stopped by Tuukka Rask with a rebound.
0:58 of 3rd period - Snap shot by Radek Faksa.
0:58 of 3rd period - Stopped by Tuukka Rask with a rebound.
2:30 of 3rd period - Slapshot by Torey Krug.
2:30 of 3rd period - Shot Blocked by Brendan Smith.
2:44 of 3rd period - Wrist shot by Riley Sheahan.
2:44 of 3rd period - Goal by Riley Sheahan - Bruins : 4 - Senateurs : 2.
2:45 of 3rd period - Nick Bjugstad wins face-off versus Zack Kassian in neutral zone.
3:28 of 3rd period - Minor Penalty to Adam Pelech for High sticking.
3:29 of 3rd period - Nick Bjugstad wins face-off versus Alexander Wennberg in Bruins zone.
5:08 of 3rd period - Slapshot by Jason Demers.
5:08 of 3rd period - Stopped by Martin Jones with a rebound.
5:28 of 3rd period - Penalty to Adam Pelech is over, Adam Pelech is back on ice.
5:52 of 3rd period - Icing by Brendan Smith.
5:53 of 3rd period - Radek Faksa wins face-off versus Casey Cizikas in Senateurs zone.
6:13 of 3rd period - Wrist shot by Radek Faksa.
6:13 of 3rd period - Stopped by Tuukka Rask with a rebound.
6:15 of 3rd period - Snap shot by Radek Faksa.
6:15 of 3rd period - Stopped by Tuukka Rask with a rebound.
6:17 of 3rd period - Wrist shot by Riley Sheahan.
6:17 of 3rd period - Stopped by Tuukka Rask with a rebound.
6:19 of 3rd period - Wrist shot by Riley Sheahan.
6:19 of 3rd period - Goal by Riley Sheahan - Bruins : 4 - Senateurs : 3.
6:20 of 3rd period - Alexander Wennberg wins face-off versus Nick Bjugstad in neutral zone.
6:55 of 3rd period - Wrist shot by Jonathan Toews.
6:55 of 3rd period - Shot Blocked by Richard Panik.
7:53 of 3rd period - Wrist shot by Alex Iafallo.
7:53 of 3rd period - Goal by Alex Iafallo - Bruins : 4 - Senateurs : 4.
7:54 of 3rd period - Nick Bjugstad wins face-off versus Alexander Wennberg in neutral zone.
8:03 of 3rd period - Slapshot by Nick Bjugstad.
8:03 of 3rd period - Stopped by Tuukka Rask with a rebound.
8:25 of 3rd period - Wrist shot by Jordan Martinook.
8:25 of 3rd period - Stopped by Tuukka Rask with a rebound.
8:31 of 3rd period - Snap shot by David Backes.
8:31 of 3rd period - Stopped by Martin Jones without a rebound.
8:32 of 3rd period - Nick Bjugstad wins face-off versus Alexander Wennberg in Senateurs zone.
8:45 of 3rd period - Nick Bjugstad is hit by Zack Kassian and loses puck.
8:58 of 3rd period - Jonathan Toews is hit by Jordan Martinook and loses puck.
9:05 of 3rd period - Jordan Martinook is hit by Jonathan Toews and loses puck.
9:24 of 3rd period - Snap shot by Casey Cizikas.
9:24 of 3rd period - Shot Misses the Net.
9:26 of 3rd period - Minor Penalty to Jared Cowen for Tripping.
9:27 of 3rd period - Nick Bjugstad wins face-off versus Zack Kassian in Senateurs zone.
9:40 of 3rd period - Slapshot by Alexander Wennberg.
9:40 of 3rd period - Stopped by Martin Jones with a rebound.
9:42 of 3rd period - Snap shot by Gabriel Landeskog.
9:42 of 3rd period - Stopped by Martin Jones without a rebound.
9:43 of 3rd period - Alexander Wennberg wins face-off versus Nick Bjugstad in Senateurs zone.
11:26 of 3rd period - Penalty to Jared Cowen is over, Jared Cowen is back on ice.
13:58 of 3rd period - Radek Faksa is hit by Jason Demers and loses puck.
14:13 of 3rd period - Slapshot by Josh Manson.
14:13 of 3rd period - Shot Misses the Net.
14:15 of 3rd period - Wrist shot by Beau Bennett.
14:15 of 3rd period - Stopped by Martin Jones with a rebound.
14:17 of 3rd period - Slapshot by Josh Manson.
14:17 of 3rd period - Deflect By Beau Bennett.
14:17 of 3rd period - Shot Misses the Net.
14:17 of 3rd period - Puck is out of play.
14:18 of 3rd period - Nick Bjugstad wins face-off versus John Quenneville in Senateurs zone.
14:18 of 3rd period - Nick Bjugstad is hit by John Quenneville.
14:26 of 3rd period - Wrist shot by Alex Iafallo.
14:26 of 3rd period - Stopped by Tuukka Rask with a rebound.
14:28 of 3rd period - Slapshot by Nick Bjugstad.
14:28 of 3rd period - Stopped by Tuukka Rask with a rebound.
14:30 of 3rd period - Slapshot by Jesse Puljujarvi.
14:30 of 3rd period - Stopped by Tuukka Rask with a rebound.
14:32 of 3rd period - Backhand shot by Eric Gelinas.
14:32 of 3rd period - Stopped by Tuukka Rask with a rebound.
14:41 of 3rd period - Minor Penalty to Eric Gelinas for Interference.
14:42 of 3rd period - Nick Bjugstad wins face-off versus Alexander Wennberg in Senateurs zone.
14:48 of 3rd period - Backhand shot by Zack Kassian.
14:48 of 3rd period - Goal by Zack Kassian - Bruins : 5 - Senateurs : 4.
14:49 of 3rd period - Nick Bjugstad wins face-off versus Alexander Wennberg in neutral zone.
15:13 of 3rd period - Icing by Jake Gardiner.
15:14 of 3rd period - Quinton Howden wins face-off versus Casey Cizikas in Senateurs zone.
15:53 of 3rd period - Snap shot by Radek Faksa.
15:53 of 3rd period - Stopped by Tuukka Rask without a rebound.
15:54 of 3rd period - Alexander Wennberg wins face-off versus Nick Bjugstad in Bruins zone.
15:54 of 3rd period - Alexander Wennberg is hit by Nick Bjugstad.
16:30 of 3rd period - Slapshot by Jordan Martinook.
16:30 of 3rd period - Deflect By Quinton Howden.
16:30 of 3rd period - Shot Misses the Net.
16:30 of 3rd period - Puck is out of play.
16:31 of 3rd period - Casey Cizikas wins face-off versus Quinton Howden in Bruins zone.
16:38 of 3rd period - Slapshot by Adam Pelech.
16:38 of 3rd period - Stopped by Martin Jones with a rebound.
16:40 of 3rd period - Snap shot by Brett Pesce.
16:40 of 3rd period - Stopped by Martin Jones with a rebound.
16:42 of 3rd period - Snap shot by Derick Brassard.
16:42 of 3rd period - Shot Blocked by Eric Gelinas.
16:42 of 3rd period - Eric Gelinas from Senateurs is injured at 16:42 of 3rd period (Back Spasms).
16:43 of 3rd period - Jesse Puljujarvi wins face-off versus Casey Cizikas in Senateurs zone.
16:43 of 3rd period - Jesse Puljujarvi is hit by Madison Bowey.
17:32 of 3rd period - Snap shot by Wojtek Wolski.
17:32 of 3rd period - Shot Blocked by Jared Cowen.
18:06 of 3rd period - Snap shot by Derick Brassard.
18:06 of 3rd period - Shot Misses the Net.
18:12 of 3rd period - Jason Demers is hit by Jake Gardiner and loses puck.
18:19 of 3rd period - Snap shot by Zachary Sanford.
18:19 of 3rd period - Stopped by Tuukka Rask with a rebound.
18:21 of 3rd period - Slapshot by Jared Cowen.
18:21 of 3rd period - Deflect By Zachary Sanford.
18:21 of 3rd period - Stopped by Tuukka Rask with a rebound.
18:23 of 3rd period - Backhand shot by Riley Sheahan.
18:23 of 3rd period - Shot Misses the Net.
18:25 of 3rd period - Slapshot by Riley Sheahan.
18:25 of 3rd period - Stopped by Tuukka Rask without a rebound.
18:26 of 3rd period - Alexander Wennberg wins face-off versus Nick Bjugstad in Bruins zone.
18:58 of 3rd period - Senateurs, Martin Jones is pulled from the net.
19:33 of 3rd period - Wrist shot by Alex Iafallo.
19:33 of 3rd period - Deflect By Torey Krug.
19:33 of 3rd period - Stopped by Tuukka Rask without a rebound.
19:34 of 3rd period - Travis Green call a timeout for Senateurs.
19:34 of 3rd period - Nick Bjugstad wins face-off versus Alexander Wennberg in Bruins zone.
19:59 of 3rd period - Wrist shot by Zack Kassian.
19:59 of 3rd period - Shot Misses the Net.
Goals for this period are 1 for Bruins vs 3 for Senateurs.
Shots for this period are 8 for Bruins vs 20 for Senateurs.